 Dungeon Crawl Stone Soup version 0.26-a0-1132-ge9770dfcb6 (webtiles) character file.

Game seed: 16481397137854489313

5109 night the Tainter (level 10, -10/65 HPs)
             Began as a Demonspawn Venom Mage on Dec 19, 2020.
             Was an Initiate of Gozag.
             Killed from afar by an efreet (25 damage)
             ... with a bolt of fire
             ... on level 9 of the Dungeon on Dec 20, 2020.
             The game lasted 00:37:08 (11425 turns).

night the Tainter (Demonspawn Venom Mage)          Turns: 11425, Time: 00:37:09

Health: -10/65     AC:  8    Str:  8    XL:     10   Next: 32%
Magic:  31/32      EV: 11    Int: 19    God:    Gozag
Gold:   1008       SH:  4    Dex: 15    Spells: 16/27 levels left

rFire    . . .     SeeInvis .   S - +0 war axe (freeze)
rCold    + . .     Faith    .   R - +0 buckler
rNeg     . . .     Spirit   .   J - +1 leather armour of Duty {Slay+5}
rPois    .         Reflect  .   (helmet restricted)
rElec    .         Harm     .   (no cloak)
rCorr    .         Rampage  .   E - +1 pair of gloves
Will     .....                  (no boots)
Stlth    ++........             I - amulet of the acrobat
HPRegen  0.20/turn              B - ring of flight
MPRegen  0.23/turn              N - ring of magical power

@: no status effects
A: horns 2, yellow scales 1, cold resistance 1, miasma immunity, freezing cloud
immunity
a: Renounce Religion, Evoke Flight, Potion Petition, Call Merchant, Bribe Branch


You were on level 9 of the Dungeon.
You worshipped Gozag.
Gozag was most pleased with you.
You visited 2 branches of the dungeon, and saw 10 of its levels.

You collected 1385 gold pieces.
You spent 280 gold pieces at shops.
You paid 97 gold pieces to Gozag.

Inventory:

Hand Weapons
 a - a +0 short sword
 b - a +0 hunting sling
 u - a +0 hunting sling
 C - a +0 whip of venom
 G - a +3 whip of flaming
 S - a +0 war axe of freezing (weapon)
Missiles
 c - 481 stones
 d - 29 poisoned darts
 h - 144 arrows
 j - 59 sling bullets
 k - 23 bolts
 y - 8 curare-tipped darts
 K - a throwing net
Armour
 e - a +0 robe
 E - a +1 pair of gloves (worn)
 J - the +1 leather armour of Duty (worn) {Slay+5}
   (You found it on level 6 of the Dungeon)

   It affects your accuracy and damage with ranged weapons and melee attacks
   (+5).
 P - a +2 robe of positive energy
 R - a +0 buckler (worn)
Jewellery
 f - an uncursed amulet of regeneration
 g - an uncursed amulet of magic regeneration
 w - an uncursed amulet of guardian spirit
 B - a ring of flight (left hand)
 I - an amulet of the acrobat (around neck)
 N - a ring of magical power (right hand)
 Q - an uncursed ring of ice {unknown}
Wands
 m - a wand of disintegration (9)
 v - a wand of flame (14)
 F - a wand of iceblast (15)
 U - a wand of random effects (24)
Scrolls
 p - 5 scrolls of teleportation
 r - 2 scrolls of immolation
 t - 3 scrolls of enchant armour
 x - a scroll of remove curse
 H - a scroll of enchant weapon
 M - 2 scrolls of fear {unknown}
 T - a scroll of noise {unknown}
 W - a scroll of blinking {unknown}
Potions
 i - 4 potions of curing
 l - a potion of berserk rage {unknown}
 n - 2 potions of heal wounds
 o - 2 potions of lignification
 q - 2 potions of haste
 s - 2 potions of mutation
 z - 3 potions of brilliance
 A - a potion of invisibility {unknown}
 D - 4 potions of flight
 L - a potion of cancellation {unknown}
 O - a potion of attraction {unknown}
 V - 2 potions of magic


   Skills:
 + Level 1.3 Fighting
 + Level 1.1 Maces & Flails
 - Level 1.7 Dodging
 - Level 1.7 Stealth
 * Level 1.8 Shields
 - Level 9.4 Spellcasting
 - Level 3.8 Conjurations
 - Level 0.8 Transmutations
 - Level 3.4 Fire Magic
 - Level 10.0 Poison Magic


You had 16 spell levels left.
You knew the following spells:

 Your Spells              Type           Power        Failure   Level
a - Sting                 Tmut/Pois      100%         1%          1
b - Mephitic Cloud        Conj/Pois/Air  26%          7%          3
c - Ignite Poison         Fire/Tmut/Pois 27%          6%          3
d - Olgreb's Toxic Radia  Pois           46%          2%          4

Your spell library contained the following spells:

 Spells                   Type           Power        Failure   Level
 Poisonous Vapours        Pois/Air       54%          3%          2


Dungeon Overview and Level Annotations

Branches:
Dungeon (9/15)             Temple (1/1) D:5            Lair (0/6) D:9
    Orc: D:9-12

Altars:
Ashenzari
Cheibriados
Dithmenos
Elyvilon
Fedhas
Gozag
Hepliaklqana
Kikubaaqudgha
Makhleb
Nemelex Xobeh
Okawaru
Qazlal
Ru
Sif Muna
Trog
Uskayaw
Vehumet
Wu Jian
Xom
Yredelemnul
Zin
The Shining One

Shops:
D:7 =   D:8 ?   D:9 *

Annotations:
D:3 3 runed translucent doors, qborf's ghost, amateur KoEn


Innate Abilities, Weirdness & Mutations

You have a pair of horns on your head.
You are partially covered in yellow scales. (AC +2)
Your flesh is cold resistant. (rC+)
You are immune to miasma.
You are immune to freezing clouds.


Message History

Confirm with . or Enter, or press ? or * to list all spells.
Aiming: Sting (safe; 1% risk of failure)
Press: ? - help, Shift-Dir - straight line, f/p - efreet
Aim: an efreet, wielding a +3 scimitar of flaming (8% to evade)
The sting hits the efreet but does no damage.
The efreet is poisoned.
The efreet hits you with a +3 scimitar of flaming!
The efreet burns you!
Your +3 whip of flaming stops flaming.
Your +0 war axe of freezing glows with a cold blue light!
S - a +0 war axe of freezing (weapon)
You hit the efreet but do no damage. You headbutt the efreet.
The efreet is lightly wounded.
The efreet gestures at you. The bolt of fire hits you!!
* * * LOW HITPOINT WARNING * * *
The efreet gestures at you. The bolt of fire hits you!!
You die...
Your body crumbles into a pile of gold.

#.......# #.......###
#####.........
....#.......#
....#.......#
....#.......#####
.................
#########...#########
# #...##..@R..# #
#..#..#).##°.# #
#..#..##..# °# #
#..###..#..## # # #..
#..##..# # ..#
##..#..## $ # #..
#..##..# # ..#
##..#..## # #..##..#


You could see an efreet (poisoned).

Vanquished Creatures
  Pikel (D:4)
  A cyclops (D:7)
  Joseph (D:7)
  Maggie (D:9)
  Menkaure (D:4)
  An orc warrior (D:6)
  2 ice beasts
  2 sky beasts (D:6)
  An ogre (D:6)
  3 centaurs
  3 lemures
  A big kobold (D:7)
  A gnoll sergeant (D:9)
  6 bullfrogs
  3 scorpions
  3 killer bees (D:6)
  14 wights
  3 howler monkeys (D:7)
  2 centaur zombies
  2 bullfrog zombies (D:6)
  A gnoll shaman (D:6)
  5 hounds
  A jelly (D:3)
  A centaur skeleton (D:6)
  5 orc priests
  5 bullfrog skeletons
  2 orc wizards
  An iguana (D:7)
  5 worker ants
  3 hound zombies
  A hound skeleton (D:8)
  2 howler monkey zombies (D:6)
  A worker ant zombie (D:6)
  12 gnolls
  3 adders (D:3)
  A shadow imp (D:9)
  2 white imps
  3 ufetubi
  4 oozes
  2 adder zombies (D:6)
  2 adder skeletons
  3 worms
  4 leopard geckos
  14 orcs
  4 bats
  3 giant cockroaches
  4 goblins
  7 hobgoblins
  8 jackals
  13 kobolds
  6 quokkas
  2 ball pythons
  9 frilled lizards
  3 quokka skeletons
  A quokka zombie (D:6)
  6 rats
201 creatures vanquished.

Vanquished Creatures (others)
  2 withered plants (D:6)
2 creatures vanquished.

Grand Total: 203 creatures vanquished

Notes
Turn   | Place    | Note
-------+----------+-------------------------------------------
     0 | D:1      | night the Demonspawn Venom Mage began the quest for the
                  | Orb.
     0 | D:1      | Reached XP level 1. HP: 13/13 MP: 3/3
   616 | D:1      | Gained mutation: You have a pair of small horns on your
                  | head. [demonic ancestry]
   616 | D:1      | Reached XP level 2. HP: 19/19 MP: 3/5
   884 | D:1      | Gained mutation: You are immune to miasma. [demonic
                  | ancestry]
   884 | D:1      | Reached XP level 3. HP: 21/24 MP: 4/7
  1556 | D:2      | Reached skill level 4 in Poison Magic
  1565 | D:2      | Reached XP level 4. HP: 30/30 MP: 5/8
  2669 | D:3      | Gained mutation: Your flesh is cold resistant. (rC+)
                  | [demonic ancestry]
  2669 | D:3      | Reached XP level 5. HP: 12/35 MP: 10/10
  3085 | D:3      | Found a runed translucent gate.
  3085 | D:3      | Found a runed translucent gate.
  3085 | D:3      | Found a runed translucent gate.
  3086 | D:3      | Noticed qborf's ghost (amateur KoEn)
  3087 | D:3      | Identified the +5 whip of Pyromania {drain, +Rage rF+
                  | Int-5}
  3407 | D:4      | Noticed Menkaure
  3417 | D:3      | Learned a level 3 spell: Mephitic Cloud
  3421 | D:3      | Learned a level 3 spell: Ignite Poison
  3569 | D:4      | Killed Menkaure
  3570 | D:4      | Reached skill level 5 in Poison Magic
  3570 | D:4      | Gained mutation: You have a pair of horns on your head.
                  | [demonic ancestry]
  3570 | D:4      | Reached XP level 6. HP: 34/41 MP: 5/12
  3763 | D:4      | Noticed Pikel
  4076 | D:3      | Learned a level 4 spell: Olgreb's Toxic Radiance
  4349 | D:4      | Killed Pikel
  4350 | D:4      | Reached skill level 5 in Spellcasting
  4350 | D:4      | Reached skill level 6 in Poison Magic
  4350 | D:4      | Gained mutation: You are immune to freezing clouds.
                  | [demonic ancestry]
  4350 | D:4      | Reached XP level 7. HP: 36/46 MP: 4/15
  5374 | D:5      | Entered Level 5 of the Dungeon
  5414 | D:5      | Reached skill level 7 in Poison Magic
  5467 | D:5      | Found a staircase to the Ecumenical Temple.
  5474 | Temple   | Entered the Ecumenical Temple
  5597 | Temple   | Became a worshipper of Gozag Ym Sagoz the Greedy
  5895 | D:5      | Gained mutation: You are partially covered in yellow
                  | scales. (AC +2) [demonic ancestry]
  5895 | D:5      | Reached XP level 8. HP: 44/52 MP: 15/17
  7162 | D:6      | Reached skill level 8 in Poison Magic
  7285 | D:6      | Got a polished leather armour
  7295 | D:6      | Identified the +1 leather armour of Duty {Slay+5} (You
                  | found it on level 6 of the Dungeon)
  7768 | D:6      | Reached XP level 9. HP: 57/57 MP: 6/20
  7837 | D:6      | Reached skill level 9 in Poison Magic
  8184 | D:6      | Reached skill level 1 in Conjurations
  8185 | D:6      | Reached skill level 1 in Fire Magic
  8522 | D:7      | Noticed Joseph
  8535 | D:7      | Killed Joseph
  8536 | D:7      | Reached skill level 2 in Conjurations
  8563 | D:7      | Reached skill level 2 in Fire Magic
  8874 | D:7      | Noticed a cyclops
  8881 | D:7      | Killed a cyclops
  9003 | D:7      | Found Tydey's Jewellery Shop.
  9206 | D:7      | Bought an uncursed ring of magical power for 280 gold
                  | pieces
  9730 | D:8      | Found a shadowy altar of Dithmenos.
  9806 | D:8      | Reached XP level 10. HP: 59/63 MP: 22/22
  9822 | D:8      | Found a white marble altar of Elyvilon.
  9922 | D:8      | Found a shadowy altar of Dithmenos.
  9923 | D:8      | Found a snail-covered altar of Cheibriados.
  9926 | D:8      | Found a broken altar of Ashenzari.
  9972 | D:8      | Found Raseifadgh's Magic Scroll Emporium.
 10089 | D:8      | Reached skill level 10 in Poison Magic
 10241 | D:8      | Found a shimmering altar of Xom.
 10241 | D:8      | Found an iron altar of Okawaru.
 10478 | D:8      | Found a sparkling altar of Nemelex Xobeh.
 10958 | D:9      | Found a staircase to the Lair.
 11090 | D:9      | Reached skill level 1 in Shields
 11128 | D:9      | Found Xahon's Demolitions Depot.
 11128 | D:9      | Noticed Maggie
 11153 | D:9      | Killed Maggie
 11154 | D:9      | Reached skill level 1 in Fighting
 11154 | D:9      | Reached skill level 1 in Maces & Flails
 11425 | D:9      | Killed from afar by an efreet

Illustrated notes

Levels and vault maps discovered:
D:1:      dpeg_arrival_tiny_i, layout_rooms, hangedman_decor_clover_reticule,
          minmay_tiny_reverse_x
D:2:      layout_loops_corners, minmay_ruptured
D:3:      layout_loops_ring, gammafunk_ghost_nasty_kobolds
D:4:      layout_layer_cave, uniq_pikel, uniq_menkaure
D:5:      layout_cave_pools, minmay_temple_entry_hall
D:6:      layout_loops_ring, serial_undead, serial_undead_d, serial_undead_f,
          serial_undead_c, serial_undead_d
D:7:      layout_loops_ring, serial_shops, shop, uniq_joseph
D:8:      layout_loops_ring, grunt_temple_overflow_open,
          nemelex_xobeh_ov_fountains_minmay, elyvilon_altar_3, serial_shops,
          nicolae_shop_competitors_out_of_business,
          nicolae_dithmenos_the_darkroom
D:9:      minmay_tri_box, layout_basic, lair_entry_dummy, nicolae_blasting_shop,
          kennysheep_generic_room_11, uniq_maggie
Temple:   regret_index_temple_waves

Skill      XL: |  1  2  3  4  5  6  7  8  9 10 |
---------------+-------------------------------+-----
Spellcasting   | 3 4 5 6 7 8 9 |  9.4
Poison Magic   | 4 5 6 7 8 9 10 | 10.0
Conjurations   | 3 |  3.8
Fire Magic     | 3 |  3.4
Shields        | 1 |  1.8
Fighting       | 1 |  1.3
Maces & Flails | 1 |  1.1
Dodging        | |  1.7
Stealth        | |  1.7
Transmutations | |  0.8

Action                   |  1- 3 |  4- 6 |  7- 9 | 10-12 || total
-------------------------+-------+-------+-------+-------++-------
Melee: Short sword       |    15 |     7 |       |       ||    22
       Unarmed           |     5 |       |       |       ||     5
       Headbutt          |       |     2 |    19 |    12 ||    33
       Whip              |       |     6 |   156 |    60 ||   222
       War axe           |       |       |       |     1 ||     1
 Fire: Hunting sling     |       |     3 |       |     3 ||     6
 Cast: Sting             |    59 |    75 |    50 |     7 ||   191
       Ignite Poison     |       |     2 |    23 |     5 ||    30
       Mephitic Cloud    |       |     1 |    19 |     2 ||    22
       Olgreb's Toxic Ra |       |     1 |    30 |    14 ||    45
Evoke: Wand              |       |     5 |     5 |     1 ||    11
  Use: Scroll            |     1 |       |     8 |     6 ||    15
       Potion            |       |       |       |     2 ||     2
 Stab: Sleeping          |       |       |       |     2 ||     2
Armor: Robe              |    10 |     3 |    28 |       ||    41
       Leather armour    |       |       |    26 |    21 ||    47
Dodge: Dodged            |    31 |    44 |   116 |    40 ||   231
Block: Buckler           |       |       |       |     1 ||     1

Table legend: (Time is in decaauts)
 A = Elapsed time spent in this place.
 B = Non-inter-level travel time spent in this place.
 C = Inter-level travel time spent in this place.
 D = Time resting spent in this place.
 E = Time spent auto-exploring this place.
 F = Levels seen in this place.
 G = Mean time per level.
                   A        B        C        D        E       F      G
               +--------+--------+--------+--------+--------+-----+--------+
         Total |  11458 |  11096 |    362 |   2921 |   6161 |  10 | 1145.8 |
       Dungeon |  11303 |  10996 |    307 |   2921 |   6063 |   9 | 1255.9 |
        Temple |    154 |    100 |     54 |      0 |     98 |   1 |  154.0 |
               +--------+--------+--------+--------+--------+-----+--------+

Top non-repeatable levels by time:
     D:6: 1932 daAuts
     D:3: 1900 daAuts
     D:4: 1584 daAuts
     D:2: 1434 daAuts
     D:8: 1083 daAuts
     D:7: 1045 daAuts
     D:5: 970 daAuts
     D:1: 727 daAuts
     D:9: 624 daAuts
  Temple: 154 daAuts
